TOP OF THE 1ST |
San Jose Giants batting - Pitching for Reading Fightin Phils : RHP Dale Turner
|
Pitching: RHP Dale Turner
|
|
Batting: RHB Edwin Verdugo
|
0-0: Called Strike 0-1: Ball 1-1: Reached on error, E6 (Groundball, 6, EV 100.6 MPH)
|
Batting: RHB Frank Pena
|
0-0: Foul Ball, location: 2F 0-1: Fly out, F8 (Flyball, 8RM, EV 87.5 MPH)
|
Batting: LHB Steve Nevis
|
0-0: Ball 1-0: Ball Edwin Verdugo steals 2nd, throwing error, E2 Edwin Verdugo to third 2-0: Ball 3-0: Base on Balls
|
Batting: RHB Justin Baldwin
|
0-0: Called Strike Steve Nevis steals 2nd base 0-1: Foul Ball, location: 2F 0-2: Ground out 4-3 (Groundball, 4, EV 101.9 MPH) Edwin Verdugo scores Steve Nevis to third
|
Batting: RHB Matt Shepard
|
0-0: Ball 1-0: Swinging Strike 1-1: Foul Ball, location: 2F 1-2: Foul Ball, location: 2F 1-2: Ball 2-2: Foul Ball, location: 2F 2-2: Ground out 6-3 (Groundball, 6M, EV 82.5 MPH)
|
Top of the 1st over - 1 run, 0 hits, 2 errors, 1 left on base; San Jose 1 - Reading 0 |
BOTTOM OF THE 1ST |
Reading Fightin Phils batting - Pitching for San Jose Giants : LHP Jordan Ruiz
|
Pitching: LHP Jordan Ruiz
|
|
Batting: RHB Tony Perez
|
0-0: Foul Ball, location: 2F 0-1: Ball 1-1: Foul Ball, location: 2F 1-2: Strikes out swinging
|
Batting: RHB Prabhukumar Santhanakrishnan
|
0-0: Ball 1-0: Ball 2-0: Called Strike 2-1: Foul Ball, location: 2F 2-2: Ground out U3 (Groundball, 34, EV 80.6 MPH)
|
Batting: RHB Guan-pei Gao
|
0-0: Foul Ball, location: 2F 0-1: Ball 1-1: SINGLE (Groundball, 4MD, EV 95.0 MPH)
|
Batting: RHB Alan Weller
|
0-0: Ball 1-0: Fly out, F3 (Line Drive, 3L, EV 67.5 MPH)
|
Bottom of the 1st over - 0 runs, 1 hit, 0 errors, 1 left on base; San Jose 1 - Reading 0 |
TOP OF THE 2ND |
San Jose Giants batting - Pitching for Reading Fightin Phils : RHP Dale Turner
|
Batting: RHB Zach Maguire
|
0-0: Ball 1-0: Hit by Pitch
|
Batting: LHB Gil Caraveo
|
0-0: Swinging Strike 0-1: Fly out, F9 (Flyball, 89M, EV 90.0 MPH)
|
Batting: RHB Jaime Rios
|
0-0: Called Strike Zach Maguire steals 2nd base 0-1: Foul Ball, location: 2F 0-2: Ball 1-2: Fly out, F7 (Flyball, 7LM, EV 91.9 MPH) Runner from 2nd tags up, SAFE at 3rd with throw by LF
|
Batting: RHB Harry Dickson
|
0-0: Called Strike 0-1: Foul Ball, location: 2F 0-2: Strikes out swinging
|
Top of the 2nd over - 0 runs, 0 hits, 0 errors, 1 left on base; San Jose 1 - Reading 0 |
BOTTOM OF THE 2ND |
Reading Fightin Phils batting - Pitching for San Jose Giants : LHP Jordan Ruiz
|
Batting: RHB Jose Corral
|
0-0: Ball 1-0: DOUBLE (Line Drive, 8LXD, EV 106.2 MPH)
|
Batting: LHB Danny Zuniga
|
0-0: Ball 1-0: Ball 2-0: Ground out 4-3 (Groundball, 4, EV 106.9 MPH) Jose Corral to third
|
Batting: RHB Pablo Lopez
|
0-0: Ball 1-0: Foul Ball, location: 2F 1-1: Foul Ball, location: 2F 1-2: Strikes out swinging
|
Batting: LHB Alex Fernandez
|
0-0: Ball 1-0: Ball 2-0: Ground out 6-3 (Groundball, 6, EV 81.9 MPH)
|
Bottom of the 2nd over - 0 runs, 1 hit, 0 errors, 1 left on base; San Jose 1 - Reading 0 |
TOP OF THE 3RD |
San Jose Giants batting - Pitching for Reading Fightin Phils : RHP Dale Turner
|
Batting: RHB Edwin Verdugo
|
0-0: Ball 1-0: Ball 2-0: Hit by Pitch
|
Batting: RHB Frank Pena
|
0-0: Ball Edwin Verdugo steals 2nd base 1-0: Called Strike 1-1: Foul Ball, location: 2F 1-2: Ball 2-2: Ground out 6-3 (Groundball, 6, EV 86.2 MPH)
|
Batting: LHB Steve Nevis
|
0-0: Ball Edwin Verdugo steals 3rd base 1-0: Foul Ball, location: 2F 1-1: Foul Ball, location: 2F 1-2: Strikes out swinging
|
Batting: RHB Justin Baldwin
|
0-0: Called Strike 0-1: Ball 1-1: Ball 2-1: Foul Ball, location: 2F 2-2: Fly out, F8 (Flyball, 8RM, EV 96.2 MPH)
|
Top of the 3rd over - 0 runs, 0 hits, 0 errors, 1 left on base; San Jose 1 - Reading 0 |
BOTTOM OF THE 3RD |
Reading Fightin Phils batting - Pitching for San Jose Giants : LHP Jordan Ruiz
|
Batting: LHB Doug Frampton
|
0-0: Ball 1-0: Ball 2-0: Swinging Strike 2-1: Foul Ball, location: 2F 2-2: Foul Ball, location: 2F 2-2: Ball 3-2: Strikes out swinging
|
Batting: RHB Tony Perez
|
0-0: Called Strike 0-1: Fly out, F8 (Line Drive, 8RM, EV 88.1 MPH)
|
Batting: RHB Prabhukumar Santhanakrishnan
|
0-0: Called Strike 0-1: Ball 1-1: Foul Ball, location: 2F 1-2: Foul Ball, location: 2F 1-2: Ball 2-2: Strikes out swinging
|
Bottom of the 3rd over - 0 runs, 0 hits, 0 errors, 0 left on base; San Jose 1 - Reading 0 |
TOP OF THE 4TH |
San Jose Giants batting - Pitching for Reading Fightin Phils : RHP Dale Turner
|
Batting: RHB Matt Shepard
|
0-0: Ball 1-0: Ball 2-0: Ground out 3-1 (Groundball, 34S, EV 86.9 MPH)
|
Batting: RHB Zach Maguire
|
0-0: Ground out 4-3 (Groundball, 4, EV 98.8 MPH)
|
Batting: LHB Gil Caraveo
|
0-0: Ball 1-0: SINGLE (Line Drive, 78S, EV 102.5 MPH)
|
Batting: RHB Jaime Rios
|
0-0: Called Strike Gil Caraveo steals 2nd base 0-1: Ball 1-1: Called Strike Gil Caraveo steals 3rd base 1-2: Strikes out swinging
|
Top of the 4th over - 0 runs, 1 hit, 0 errors, 1 left on base; San Jose 1 - Reading 0 |
BOTTOM OF THE 4TH |
Reading Fightin Phils batting - Pitching for San Jose Giants : LHP Jordan Ruiz
|
Batting: RHB Guan-pei Gao
|
0-0: Called Strike 0-1: Foul Ball, location: 2F 0-2: Strikes out looking
|
Batting: RHB Alan Weller
|
0-0: Ball 1-0: Ball 2-0: Called Strike 2-1: Swinging Strike 2-2: Ball 3-2: Foul Ball, location: 2F 3-2: Foul Ball, location: 2F 3-2: Strikes out swinging
|
Batting: RHB Jose Corral
|
0-0: Ball 1-0: Foul Ball, location: 2F 1-1: Foul Ball, location: 2F 1-2: Fly out, F8 (Flyball, 8LD, EV 104.4 MPH)
|
Bottom of the 4th over - 0 runs, 0 hits, 0 errors, 0 left on base; San Jose 1 - Reading 0 |
TOP OF THE 5TH |
San Jose Giants batting - Pitching for Reading Fightin Phils : RHP Dale Turner
|
Batting: RHB Harry Dickson
|
0-0: Foul Ball, location: 2F 0-1: Ball 1-1: Swinging Strike 1-2: Fly out, F8 (Flyball, 8LD, EV 90.6 MPH)
|
Batting: RHB Edwin Verdugo
|
0-0: Ball 1-0: Ball 2-0: Called Strike 2-1: Ball 3-1: Foul Ball, location: 2F 3-2: Base on Balls
|
Batting: RHB Frank Pena
|
0-0: 2-RUN HOME RUN (Flyball, 78XD, EV 99.4 MPH), Distance : 393 ft
|
Batting: LHB Steve Nevis
|
0-0: Foul Ball, location: 2F 0-1: Foul Ball, location: 2F 0-2: Ball 1-2: Ball 2-2: Strikes out swinging
|
Batting: RHB Justin Baldwin
|
0-0: SINGLE (Groundball, 6MD, EV 111.9 MPH)
|
Batting: RHB Matt Shepard
|
0-0: Ball 1-0: Ball 2-0: Ball 3-0: Called Strike 3-1: Swinging Strike 3-2: Strikes out swinging
|
Top of the 5th over - 2 runs, 2 hits, 0 errors, 1 left on base; San Jose 3 - Reading 0 |
BOTTOM OF THE 5TH |
Reading Fightin Phils batting - Pitching for San Jose Giants : LHP Jordan Ruiz
|
Batting: LHB Danny Zuniga
|
0-0: Ball 1-0: Called Strike 1-1: Foul Ball, location: 2F 1-2: Ball 2-2: Foul Ball, location: 2F 2-2: Foul Ball, location: 2F 2-2: Strikes out swinging
|
Batting: RHB Pablo Lopez
|
0-0: Called Strike 0-1: Ball 1-1: Foul Ball, location: 2F 1-2: Ball 2-2: Strikes out looking
|
Batting: LHB Alex Fernandez
|
0-0: Called Strike 0-1: Called Strike 0-2: Ball 1-2: Strikes out swinging
|
Bottom of the 5th over - 0 runs, 0 hits, 0 errors, 0 left on base; San Jose 3 - Reading 0 |
TOP OF THE 6TH |
San Jose Giants batting - Pitching for Reading Fightin Phils : RHP Dale Turner
|
Batting: RHB Zach Maguire
|
0-0: Ball 1-0: Ground out 5-3 (Groundball, 56, EV 84.4 MPH)
|
Batting: LHB Gil Caraveo
|
0-0: Ground out 1-3 (Groundball, 34S, EV 68.1 MPH)
|
Batting: RHB Jaime Rios
|
0-0: Ground out 6-3 (Groundball, 6M, EV 86.9 MPH)
|
Top of the 6th over - 0 runs, 0 hits, 0 errors, 0 left on base; San Jose 3 - Reading 0 |
BOTTOM OF THE 6TH |
Reading Fightin Phils batting - Pitching for San Jose Giants : LHP Jordan Ruiz
|
Batting: LHB Doug Frampton
|
0-0: Swinging Strike 0-1: Called Strike 0-2: SINGLE (Groundball, 34S, EV 74.4 MPH) (infield hit)
|
Batting: RHB Tony Perez
|
0-0: Foul Ball, location: 2F 0-1: Foul Ball, location: 2F 0-2: Ball 1-2: Strikes out swinging
|
Batting: RHB Prabhukumar Santhanakrishnan
|
0-0: Swinging Strike 0-1: Ball 1-1: Ball 2-1: Foul Ball, location: 2F 2-2: Foul Ball, location: 2F 2-2: Strikes out looking
|
Pitching: RHP Sanya Mikushevich
|
|
Batting: RHB Guan-pei Gao
|
0-0: Ball 1-0: DOUBLE (Line Drive, 9LS, EV 101.2 MPH) Doug Frampton to third Runner from 3rd tries for Home, SAFE, throw by RF to home
|
Batting: RHB Alan Weller
|
0-0: Swinging Strike 0-1: Reached on error, E3 (Groundball, 34S, EV 83.1 MPH) Guan-pei Gao to third
|
Batting: RHB Jose Corral
|
0-0: Ball 1-0: Fielders Choice at 2nd, 5-4 (Groundball, 56, EV 89.4 MPH)
|
Bottom of the 6th over - 1 run, 2 hits, 1 error, 2 left on base; San Jose 3 - Reading 1 |
TOP OF THE 7TH |
San Jose Giants batting - Pitching for Reading Fightin Phils : RHP Dale Turner
|
Batting: RHB Harry Dickson
|
0-0: Ball 1-0: Foul Ball, location: 2F 1-1: SINGLE (Groundball, 6D, EV 103.1 MPH)
|
Batting: RHB Edwin Verdugo
|
0-0: Ball Harry Dickson steals 2nd base 1-0: Ball 2-0: Called Strike 2-1: Ball 3-1: Called Strike 3-2: Base on Balls
|
Pitching: RHP John Hughes
|
|
Batting: RHB Frank Pena
|
0-0: Ball 1-0: Called Strike 1-1: Swinging Strike 1-2: Foul Ball, location: 2F 1-2: SINGLE (Flyball, 4MD, EV 81.9 MPH) Harry Dickson to third Edwin Verdugo to second
|
Batting: LHB Steve Nevis
|
0-0: Grounds into double play, 4-2-3 (Groundball, 4, EV 91.9 MPH) Edwin Verdugo to third Frank Pena to second
|
Batting: RHB Justin Baldwin
|
0-0: Called Strike 0-1: Ball 1-1: Ball 2-1: Ball 3-1: Swinging Strike 3-2: Foul Ball, location: 2F 3-2: Strikes out swinging
|
Top of the 7th over - 0 runs, 2 hits, 0 errors, 2 left on base; San Jose 3 - Reading 1 |
BOTTOM OF THE 7TH |
Reading Fightin Phils batting - Pitching for San Jose Giants : RHP Sanya Mikushevich
|
Now at 1B: Chris West
|
|
Batting: LHB Danny Zuniga
|
0-0: Ball 1-0: Ball 2-0: Foul Ball, location: 2F 2-1: Foul Ball, location: 2F 2-2: Ball 3-2: Foul Ball, location: 2F 3-2: Strikes out swinging
|
Batting: RHB Pablo Lopez
|
0-0: Called Strike 0-1: Ground out 6-3 (Groundball, 6M, EV 80.0 MPH)
|
Batting: LHB Alex Fernandez
|
0-0: Fly out, F7 (Line Drive, 7, EV 93.1 MPH)
|
Bottom of the 7th over - 0 runs, 0 hits, 0 errors, 0 left on base; San Jose 3 - Reading 1 |
TOP OF THE 8TH |
San Jose Giants batting - Pitching for Reading Fightin Phils : RHP John Hughes
|
Batting: RHB Matt Shepard
|
0-0: Called Strike 0-1: Reached on error, E4 (Groundball, 4S, EV 69.4 MPH)
|
Batting: RHB Zach Maguire
|
0-0: Ball 1-0: Bunt missed! 1-1: Bunted foul 1-2: Foul Ball, location: 2F 1-2: Strikes out swinging
|
Batting: LHB Gil Caraveo
|
0-0: Ground out 4-3 (Groundball, 4, EV 85.0 MPH) Matt Shepard to second
|
Batting: LHB Oscar Tamayo
|
0-0: Ball 1-0: Called Strike 1-1: Foul Ball, location: 2F 1-2: SINGLE (Line Drive, 78S, EV 104.4 MPH) Matt Shepard to third
|
Batting: RHB Harry Dickson
|
0-0: Foul Ball, location: 2F 0-1: Ball 1-1: Fly out, F4 (Popup, 4S, EV 73.1 MPH)
|
Top of the 8th over - 0 runs, 1 hit, 1 error, 2 left on base; San Jose 3 - Reading 1 |
BOTTOM OF THE 8TH |
Reading Fightin Phils batting - Pitching for San Jose Giants : RHP Sanya Mikushevich
|
Pitching: RHP Jonathan Simi
|
|
Batting: LHB Doug Frampton
|
0-0: Foul Ball, location: 2F 0-1: Foul Ball, location: 2F 0-2: Strikes out swinging
|
Batting: RHB Tony Perez
|
0-0: SINGLE (Groundball, 56D, EV 103.1 MPH)
|
Batting: RHB Prabhukumar Santhanakrishnan
|
0-0: Called Strike 0-1: Swinging Strike 0-2: Ball 1-2: Strikes out swinging
|
Batting: RHB Guan-pei Gao
|
0-0: Foul Ball, location: 2F 0-1: Ball 1-1: Swinging Strike 1-2: Ball 2-2: Foul Ball, location: 2F 2-2: Foul Ball, location: 2F 2-2: Strikes out looking
|
Bottom of the 8th over - 0 runs, 1 hit, 0 errors, 1 left on base; San Jose 3 - Reading 1 |
TOP OF THE 9TH |
San Jose Giants batting - Pitching for Reading Fightin Phils : RHP John Hughes
|
Pitching: LHP Chris Burch
|
|
Batting: LHB Chris West
|
0-0: Ball 1-0: Ball 2-0: SINGLE (Groundball, 4MD, EV 97.5 MPH)
|
Pitching: RHP Jonathan Beishline
|
|
Batting: RHB Frank Pena
|
0-0: Called Strike 0-1: Ball 1-1: Grounds into double play, 5-4-3 (Groundball, 56, EV 103.8 MPH)
|
Batting: LHB Steve Nevis
|
0-0: Ball 1-0: Foul Ball, location: 2F 1-1: Reached on error, E4 (Groundball, 4, EV 91.9 MPH)
|
Batting: RHB Justin Baldwin
|
0-0: Ball 1-0: Called Strike Steve Nevis steals 2nd base 1-1: Ball 2-1: Called Strike 2-2: SINGLE (Groundball, 6, EV 95.0 MPH) Steve Nevis to third Runner from 3rd tries for Home, SAFE, throw by LF to home
|
Batting: RHB Matt Shepard
|
0-0: Called Strike 0-1: Called Strike 0-2: Strikes out swinging
|
Top of the 9th over - 1 run, 2 hits, 1 error, 1 left on base; San Jose 4 - Reading 1 |
BOTTOM OF THE 9TH |
Reading Fightin Phils batting - Pitching for San Jose Giants : RHP Jonathan Simi
|
Batting: RHB Alan Weller
|
0-0: Ball 1-0: Foul Ball, location: 2F 1-1: Called Strike 1-2: Ball 2-2: Ball 3-2: Strikes out swinging
|
Batting: RHB Jose Corral
|
0-0: Swinging Strike 0-1: Ball 1-1: Fly out, F9 (Line Drive, 89D, EV 94.4 MPH)
|
Batting: LHB Danny Zuniga
|
0-0: Called Strike 0-1: Ball 1-1: Ball 2-1: Called Strike 2-2: Strikes out looking
|
Bottom of the 9th over - 0 runs, 0 hits, 0 errors, 0 left on base; San Jose 4 - Reading 1 |
|